 Dungeon Crawl Stone Soup version 0.21-a0-278-ga722497 (webtiles) character file.

21046 4thArraOfDagon the Spear-Bearer (level 13, -7/90 HPs)
             Began as a Human Wanderer on Sept 21, 2017.
             Was a High Priest of Ru.
             Killed from afar by a hell hound (13 damage)
             ... with a blast of flame
             ... led by Azrael
             ... on level 13 of the Dungeon.
             The game lasted 00:47:54 (7503 turns).

4thArraOfDagon the Spear-Bearer (Human Wanderer)    Turns: 7503, Time: 00:47:54

Health: -7/90      AC: 12    Str: 14    XL:     13   Next: 16%
Magic:  4/11       EV: 14    Int: 23    God:    Ru [*****.]
Gold:   458        SH:  4    Dex: 13    Spells: 10/12 levels left

rFire    . . .     SeeInvis +   g - +1 glaive "Vyod" {flame, Int+7}
rCold    . . .     Gourm    .   (shield currently unavailable)
rNeg     . . .     Faith    .   a - +2 scale mail
rPois    .         Spirit   .   B - +0 helmet
rElec    .         Reflect  .   L - +0 cloak
rCorr    .         Harm     .   (no gloves)
MR       .....                  (no boots)
Stlth    ..........             (no amulet)
HPRegen  0.25/turn              p - +1 ring of evasion
MPRegen  0.12/turn              c - ring of see invisible

@: exhausted, drained
A: hooves 1, large bone plates 1, frail 1, low mp 1, inability to use devices,
hated by all
a: Draw Out Power, Power Leap, Apocalypse, Renounce Religion


You were on level 13 of the Dungeon.
You worshipped Ru.
Ru was extremely pleased with you.
You were not hungry.

You visited 2 branches of the dungeon, and saw 16 of its levels.
You also visited: Bailey.

You collected 670 gold pieces.
You spent 212 gold pieces at shops.

Inventory:

Hand Weapons
 g - the +1 glaive "Vyod" (weapon) {flame, Int+7}
   (You acquired it in a bailey)

   It has been specially enchanted to burn those struck by it, causing extra
   injury to most foes and up to half again as much damage against particularly
   susceptible opponents.
   Big, fiery blades are also staple armaments of hydra-hunters.
   It affects your intelligence (+7).
 n - the +5 great sword "Beastbane" {freeze, MR+}
   (You took it off Erica on level 8 of the Dungeon)

   It has been specially enchanted to freeze those struck by it, causing extra
   injury to most foes and up to half again as much damage against particularly
   susceptible opponents.
   It can also slow down cold-blooded creatures.
   It affects your resistance to hostile enchantments.
 q - a +2 scimitar of flaming
 J - a +3 halberd
Armour
 a - a +2 scale mail (worn)
 o - a +2 buckler
 v - the +1 leather armour of the Bruised Seas {rN+}
   (You found it on level 8 of the Dungeon)

   It protects you from negative energy.
 B - a +0 helmet (worn)
 L - a +0 cloak (worn)
Magical Staves
 A - an uncursed staff of air {unknown}
 F - an uncursed staff of cold {unknown}
 N - an uncursed staff of energy {unknown}
Jewellery
 c - a ring of see invisible (right hand)
 p - a +1 ring of evasion (left hand)
 K - an uncursed ring of positive energy
Scrolls
 b - 2 scrolls of immolation
 e - 2 scrolls of fear
 h - a scroll of holy word
 i - 4 scrolls of enchant weapon
 j - a scroll of enchant armour
 k - 4 scrolls of amnesia
 z - 2 scrolls of remove curse
 O - 3 scrolls of identify
Potions
 d - a potion of flight
 s - a potion of heal wounds
 w - a potion of resistance
 D - 3 potions of curing
 E - 2 potions of brilliance
 G - 2 potions of might
 M - 2 potions of magic
Books
 H - a book of Geomancy

   Spells                             Type                      Level
   a - Sandblast                      Earth                        1
   b - Passwall                       Transmutation/Earth          2
   c - Stone Arrow                    Conjuration/Earth            3
   d - Petrify                        Transmutation/Earth          4
   e - Lee's Rapid Deconstruction     Earth                        5
Comestibles
 f - 9 bread rations
 l - 5 meat rations
 m - 2 royal jellies


   Skills:
 + Level 9.1(7.8) Fighting
 * Level 14.2(12.7) Polearms
   Level 1.0(0.0) Crossbows
 - Level 9.4(8.1) Armour
 + Level 9.0(7.7) Dodging
 - Level 2.0(0.9) Stealth


You had 10 spell levels left.
You knew the following spells:

 Your Spells              Type           Power        Failure   Level  Hunger
a - Passwall              Tmut/Erth      #.........   63%         2    ###....


Dungeon Overview and Level Annotations

Branches:
Dungeon (15/15)            Temple (1/1) D:5            Lair (0/6) D:9
    Orc (0/2) D:12
 Vaults: D:13-14     Depths: D:15

Altars:
Ashenzari
Cheibriados
Dithmenos
Gozag
Hepliaklqana
Makhleb
Okawaru
Qazlal
Ru
Trog
Uskayaw
Vehumet
Wu Jian
Zin
The Shining One

Shops:
D:12 *   D:15 [

Annotations:
D:4 Dowan, Duvessa
D:11 motkurip's ghost, journeyman GrGl
D:13 Azrael
D:15 4thArraOfDagon's ghost, journeyman DsBe


Innate Abilities, Weirdness & Mutations

You are frail. (-10% HP)
You cannot study or use magical devices.
You are hated by all.
You have large cloven feet.
You are partially covered in large bone plates. (SH +4)
Your magical capacity is low. (-10% MP)


Message History

The fireball explodes!
The fireball engulfs you!
A hell hound comes into view.
Unknown command.
Attack whom?
Press: ? - help, Dir - move target cursor, f/p - Azrael
Aim: Azrael, wielding a scimitar of flaming (severely wounded, blind)
You reach to attack!
You strike the helpless Azrael from behind!
You hit Azrael.
Azrael is almost dead.
Unknown command.
Unknown command.
You feel much better. Azrael gestures at you.
The sphere of damnation explodes!
The damnation engulfs you!
* * * LOW HITPOINT WARNING * * *
The damnation engulfs the hell hound.
The hell hound breathes flames at you. The blast of flame hits you!
You die...

#.# #§# ###
#.# #§# #.#
#§## #.# #.R#
#..# ##.#
#.## #.# #.
#†# #.#####.#
#(.h@.#.#####
#.#.#.§R....#
#.....#######
#..#.##
#..#.# #....#
#.#..# #####
#.#..####...#
#.#.........#


You could see Azrael (blind) and a hell hound.

Vanquished Creatures
  An orc warlord (Bailey)
  Nessos (D:14)
  A centaur warrior (D:15)
  Erica (D:8)
  A dancing weapon (D:14)
  A two-headed ogre (D:12)
  Sonja (D:14)
  The ghost of nht the Cleaver, a novice MiHu of Okawaru (Bailey)
  An unseen horror (D:12)
  A wolf spider zombie (D:15)
  A deep elf mage (D:14)
  A hornet (D:12)
  8 slime creatures
  3 hippogriffs
  2 wraiths
  A shadow (D:14)
  3 yaks (D:9)
  A basilisk (D:12)
  2 hungry ghosts
  4 vampire mosquitoes (D:14)
  A soldier ant (D:12)
  2 hell hounds (D:13)
  3 porcupines (D:9)
  2 black bears
  9 orc warriors
  A phantom (D:6)
  4 sky beasts
  2 eyes of draining
  2 ogres (D:9)
  A crocodile (D:12)
  3 centaurs
  8 bullfrogs
  3 scorpions
  A killer bee (D:9)
  4 wights (D:7)
  2 howler monkeys
  A bullfrog zombie (D:11)
  2 centaur zombies
  6 crimson imps
  A jelly (D:14)
  2 quasits (D:12)
  8 orc priests
  A centaur skeleton (D:5)
  3 hounds
  2 iguanas
  5 worker ants
  6 orc wizards
  A howler monkey zombie (D:7)
  4 gnolls (D:7)
  10 adders
  2 adder zombies
  2 worms
  A dart slug (D:2)
  2 leopard geckos
  41 orcs
  A giant cockroach (D:8)
  6 goblins
  6 hobgoblins
  9 jackals
  14 kobolds
  3 quokkas
  5 bats
  A frilled lizard (D:5)
  A quokka skeleton (D:6)
  8 rats
238 creatures vanquished.

Vanquished Creatures (others)
  2 ogres (D:5)
  A bullfrog (D:6)
  A hound (D:5)
  A jelly (D:5)
  An orc wizard (D:5)
  An adder (D:12)
  2 orcs
  2 kobolds (Bailey)
  43 fungi (D:9)
  10 plants (D:9)
64 creatures vanquished.

Grand Total: 302 creatures vanquished

Notes
Turn   | Place    | Note
-------+----------+-------------------------------------------
     0 | D:1      | 4thArraOfDagon the Human Wanderer began the quest for the Orb.
     0 | D:1      | 4thArraOfDagon set off with: a +2 scale mail, a potion of curing, a +0 spear, a +0 dagger, a bread ration
     0 | D:1      | Reached XP level 1. HP: 16/16 MP: 1/1
     0 | D:1      | Thaneod: jelly lady*
    29 | D:1      | 4thArraOfDagon: solid start/1
    75 | D:1      | Rhok: mm any god
   303 | D:2      | Reached XP level 2. HP: 19/22 MP: 2/2
   511 | D:2      | Reached skill level 3 in Polearms
   523 | D:2      | Reached XP level 3. HP: 23/27 MP: 3/3
   568 | D:2      | Found a burning altar of Makhleb.
   573 | D:2      | Found a sacrificial altar of Ru.
   575 | D:2      | Found an opulent altar of Gozag.
   575 | D:2      | Found an ornate altar of the Wu Jian Council.
   575 | D:2      | Found a shadowy altar of Dithmenos.
   575 | D:2      | Found a snail-covered altar of Cheibriados.
   577 | D:2      | Found a bloodstained altar of Trog.
   581 | D:2      | 4thArraOfDagon: we have full galore !
   581 | D:2      | Rhok: nice
   587 | D:2      | Became a worshipper of Ru the Awakened
   588 | D:2      | Rhok: yeh, Ru
   630 | D:2      | 4thArraOfDagon: ok, lets just focus on solid play
   632 | D:2      | Rhok: distortion !
   632 | D:2      | Rhok: *trembles
   632 | D:2      | 4thArraOfDagon: free rune
   632 | D:2      | 4thArraOfDagon: :)
   639 | D:2      | Thaneod: !abyss nothing
   675 | D:2      | Thaneod: !rng abyss
   677 | D:2      | beem: The RNG chooses: abyss.
   956 | D:5      | Entered Level 5 of the Dungeon
   971 | D:5      | Killed an ogre
  1000 | D:5      | Reached skill level 4 in Polearms
  1000 | D:5      | Reached XP level 4. HP: 13/33 MP: 4/4
  1021 | D:5      | Killed an ogre
  1147 | D:5      | Found a hide-covered altar of Uskayaw.
  1213 | D:5      | Reached skill level 5 in Polearms
  1213 | D:5      | Reached XP level 5. HP: 19/38 MP: 5/5
  1311 | D:5      | Found a staircase to the Ecumenical Temple.
  1318 | Temple   | Entered the Ecumenical Temple
  1414 | D:5      | Reached XP level 6. HP: 38/44 MP: 6/6
  1422 | D:5      | Reached skill level 6 in Polearms
  1472 | D:5      | Rhok: love ?
  1472 | D:5      | 4thArraOfDagon: hmm ok
  1472 | D:5      | Gained mutation: You are hated by all. [Ru sacrifice]
  1472 | D:5      | Reached * piety under Ru
  1473 | D:5      | 4thArraOfDagon: oh great
  1523 | D:4      | Thaneod: shopkeepers will kill ya
  1527 | D:4      | Noticed Duvessa
  1553 | D:3      | Rhok: uffff
  1553 | D:3      | 4thArraOfDagon: what was that
  1553 | D:3      | Rhok: horrible luck
  1553 | D:3      | Rhok: bad roll
  1553 | D:3      | Duvessa drinks a potion. Duvessa goes berserk!
  1553 | D:3      | 4thArraOfDagon: I will try to clutch this out
  1558 | D:3      | Thaneod: :)
  1575 | D:3      | HP: 2/44 [orc/club (2)]
  1953 | D:3      | p0werm0de: https://www.youtube.com/watch?v=fCjqs0ElA-M
  2001 | D:3      | p0werm0de: !hs * hu--
  2001 | D:3      | beem: 243081. p0werm0de the Human Blade (L27 HuWr of Cheibriados), escaped with the Orb and 15 runes on 2017-07-29 10:34:39, with 39893791 points after 36617 turns and 4:08:21.
  2001 | D:3      | p0werm0de: GL ;D
  2001 | D:3      | Thaneod: power + 1 that is no hip hop:)
  2001 | D:3      | p0werm0de: ya i just have a week with rap sometimes
  2001 | D:3      | p0werm0de: usually electronix!!
  2001 | D:3      | p0werm0de: this nice too i loveit
  2001 | D:3      | 4thArraOfDagon: extrawelt oh so nice
  2001 | D:3      | p0werm0de: seen some livesets of em
  2001 | D:3      | 4thArraOfDagon: not as good as legowelt but still good ;)
  2013 | D:3      | p0werm0de: ha
  2228 | D:4      | Noticed Dowan
  2536 | D:5      | Reached skill level 7 in Polearms
  2536 | D:5      | Reached XP level 7. HP: 40/50 MP: 7/7
  2783 | D:6      | Learned a level 2 spell: Passwall
  2877 | D:7      | Reached skill level 1 in Dodging
  3191 | D:7      | Reached skill level 8 in Polearms
  3191 | D:7      | Reached XP level 8. HP: 51/57 MP: 8/8
  3296 | D:6      | Noticed a hippogriff
  3305 | D:6      | Killed a hippogriff
  3483 | D:6      | Thaneod: artifice?
  3483 | D:6      | 4thArraOfDagon: im thinking of my options
  3483 | D:6      | 4thArraOfDagon: how would I survive certain situations
  3483 | D:6      | 4thArraOfDagon: idk
  3483 | D:6      | Gained mutation: You cannot study or use magical devices. [Ru sacrifice]
  3483 | D:6      | Reached ** piety under Ru
  3483 | D:6      | Reached *** piety under Ru
  3533 | D:6      | Reached skill level 9 in Polearms
  3549 | D:6      | Reached XP level 9. HP: 52/64 MP: 9/9
  3550 | D:6      | 4thArraOfDagon: I forgot for a moment that this is trunk
  3550 | D:6      | 4thArraOfDagon: so no wand of tele/haste and heal wounds by default:)
  3657 | D:6      | Thaneod: yeah
  3706 | D:6      | Found a burning altar of Makhleb.
  3964 | D:7      | Reached skill level 5 in Armour
  4056 | D:8      | Noticed a two-headed ogre
  4282 | D:8      | Rhok: woah
  4299 | D:8      | Noticed Erica
  4300 | D:8      | Rhok: i didnt know there were hw and haste wands on 019
  4300 | D:8      | Rhok: feelsgood
  4300 | D:8      | 4thArraOfDagon: uhhhh
  4300 | D:8      | Rhok: i just found some :D
  4300 | D:8      | Rhok: ??erica
  4300 | D:8      | beem: erica[1/1]: A wild-tempered adventuress. She has Venom Bolt, Mystic Blast, Invisibility, Confuse, and Slow. She always wields a scimitar of flaming. Useful for hydrae!
  4300 | D:8      | 4thArraOfDagon: vshe is wearing ancient great sword
  4341 | D:8      | Thaneod: check how many dmg she can deal
  4349 | D:8      | 4thArraOfDagon: i will test on my skin
  4359 | D:8      | Killed Erica
  4359 | D:8      | Reached skill level 10 in Polearms
  4361 | D:8      | Rhok: hmmh
  4361 | D:8      | 4thArraOfDagon: 0
  4361 | D:8      | Rhok: noice
  4361 | D:8      | 4thArraOfDagon: she deals 0 damage
  4361 | D:8      | 4thArraOfDagon: according to my tests
  4361 | D:8      | Got an ancient great sword {freeze}
  4365 | D:8      | Identified the +5 great sword "Beastbane" {freeze, MR+} (You took it off Erica on level 8 of the Dungeon)
  4391 | D:8      | Thaneod: :)
  4416 | D:8      | Reached skill level 5 in Fighting
  4416 | D:8      | Reached XP level 10. HP: 61/74 MP: 10/10
  4497 | D:8      | Got a smoking leather armour
  4652 | D:9      | Found a flagged portal.
  4694 | Bailey   | Entered a bailey
  4703 | Bailey   | Noticed an orc warlord
  4767 | Bailey   | Reached skill level 5 in Dodging
  4778 | Bailey   | Noticed nht's ghost (novice MiHu)
  4779 | Bailey   | 4thArraOfDagon: crap
  4793 | Bailey   | Gained mutation: Your magical capacity is low. (-10% MP) [potion of mutation]
  4793 | Bailey   | Gained mutation: You have large cloven feet. [potion of mutation]
  4793 | Bailey   | Gained mutation: You are partially covered in large bone plates. (SH +4) [potion of mutation]
  4813 | Bailey   | Killed nht's ghost
  5015 | Bailey   | Found a runed gate.
  5015 | Bailey   | Found a runed gate.
  5015 | Bailey   | Found a runed gate.
  5033 | Bailey   | Gained mutation: You are frail. (-10% HP) [Ru sacrifice]
  5033 | Bailey   | Reached **** piety under Ru
  5033 | Bailey   | Reached ***** piety under Ru
  5250 | Bailey   | Killed an orc warlord
  5250 | Bailey   | Reached skill level 11 in Polearms
  5299 | Bailey   | Reached skill level 12 in Polearms
  5299 | Bailey   | Reached XP level 11. HP: 75/75 MP: 7/9
  5305 | Bailey   | Identified a scroll of acquirement
  5307 | Bailey   | Got a bloodstained glaive
  5308 | Bailey   | Identified the +1 glaive "Vyod" {flame, Int+7} (You acquired it in a bailey)
  5309 | Bailey   | :/
  5333 | D:9      | Identified the cursed +1 leather armour of the Bruised Seas {rN+} (You found it on level 8 of the Dungeon)
  5422 | D:9      | Reached XP level 12. HP: 53/81 MP: 10/10
  5626 | D:10     | Entered Level 10 of the Dungeon
  5748 | D:9      | Found a staircase to the Lair.
  5888 | D:10     | Rhok: &dump 4thArraOfDagon
  5888 | D:10     | beem: http://CRAWL.XTAHUA.COM/crawl/morgue/4thArraOfDagon/4thArraOfDagon.txt
  5920 | D:10     | Rhok: tengu berserker lul
  5931 | D:10     | Rhok: ty beem
  6023 | D:14     | Noticed Sonja
  6023 | D:14     | Noticed Nessos
  6024 | D:14     | Killed Sonja
  6024 | D:14     | Reached skill level 13 in Polearms
  6031 | D:14     | Killed Nessos
  6040 | D:14     | Noticed an enchanted long sword
  6040 | D:14     | Noticed an enchanted long sword
  6040 | D:14     | 4thArraOfDagon: uhh
  6052 | D:15     | Entered Level 15 of the Dungeon
  6063 | D:15     | Rhok: dump that human
  6063 | D:15     | Rhok: pls
  6065 | D:15     | Noticed 4thArraOfDagon's ghost (journeyman DsBe)
  6079 | D:15     | Rhok: beem thinks slow
  6091 | D:15     | Found Zegir's Armour Shoppe.
  6121 | D:15     | Noticed a centaur warrior
  6131 | D:15     | Killed a centaur warrior
  6146 | D:14     | Killed an enchanted long sword
  6174 | D:14     | 4thArraOfDagon: just go with &dump 4thArraOfDagon
  6188 | D:13     | You fall through a shaft for 2 floors!
  6189 | D:15     | uhh
  6257 | D:15     | Rhok: thanks
  6257 | D:15     | Rhok: nah but that one is outdated
  6305 | D:15     | 4thArraOfDagon: o, k
  6306 | D:15     | Rhok: it says youre playing a tengu berserker.. xD
  6349 | D:15     | Thaneod: just old dump:)
  6377 | D:15     | Found a hazy altar of Hepliaklqana.
  6599 | D:12     | Noticed a two-headed ogre
  6612 | D:12     | Killed a two-headed ogre
  6715 | D:12     | Reached XP level 13. HP: 43/90 MP: 11/11
  6823 | D:12     | Found a glowing silver altar of Zin.
  6823 | D:12     | Found Lowkuty's Hallowed Reliquary.
  6823 | D:12     | Noticed an angel
  6831 | D:12     | Bought a potion of heal wounds for 85 gold pieces
  6831 | D:12     | Bought a scroll of holy word for 127 gold pieces
  6896 | D:11     | Noticed motkurip's ghost (journeyman GrGl)
  6912 | D:12     | 4thArraOfDagon: man, lots of ghosts today
  7079 | D:12     | Reached skill level 14 in Polearms
  7175 | D:12     | Found a staircase to the Orcish Mines.
  7262 | D:12     | Paralysed by a hornet for 3 turns
  7473 | D:13     | Noticed Azrael
  7503 | D:13     | Killed from afar by a hell hound

Vault maps used:
D:1:      giann_forest_graveyard, st_stairs_7, serial_bayou_pond_e, tso_altar
D:2:      lemuel_zombie_altar_yredelemnul, minitemple, kennysheep_nondescript
D:3:      first_bread, hangedman_glass_teeth
D:4:      uniq_duvessa
D:5:      xom_confusion_cloud, nicolae_overflow_crystal_walls,
          minmay_temple_entry_statues_fountains
D:6:      kennysheep_spiral_hall, makhleb_heckhound_becter
D:8:      uniq_erica
D:9:      due_lair_maze_entry_diamond, enter_bailey_3
D:10:     serial_shops, shop, basic_altar, the_bakery, uniq_urug
D:11:     lightli_fourway_metalbox
D:12:     david_orc_4, nicolae_good_shop
D:13:     kennysheep_big_flooded_room, uniq_erolcha, uniq_azrael
D:14:     erik_vaults_1, serial_bayou_pond_a, uniq_sonja, uniq_nessos
D:15:     grunt_enter_depths_magical_seal, basic_altar, serial_shops, shop
Temple:   hc_temple_tempest_star
Bailey:   bailey_axe_bossmonster_kennysheep, bailey

Skill      XL: |  1  2  3  4  5  6  7  8  9 10 11 12 13 |
---------------+----------------------------------------+-----
Polearms       | 3 4 5 7 8 9 10 12 13 14 | 14.2
Dodging        | 1 3 4 7 8 9 |  9.0
Fighting       | 3 5 7 8 9 |  9.1
Armour         | 4 5 8 9 |  9.4
Crossbows      | |  1.0
Stealth        | |  2.0

Action                   |  1- 3 |  4- 6 |  7- 9 | 10-12 | 13-15 || total
-------------------------+-------+-------+-------+-------+-------++-------
Melee: Spear             |    97 |    46 |       |       |       ||   143
       Trident           |       |   123 |    72 |       |       ||   195
       Halberd           |       |       |   167 |   119 |       ||   286
       Kick              |       |       |       |    70 |    17 ||    87
       Glaive            |       |       |       |   258 |    86 ||   344
Throw: Tomahawk          |       |     7 |       |       |       ||     7
Invok: Sacrifice Love    |       |     1 |       |       |       ||     1
       Sacrifice Artific |       |       |     1 |       |       ||     1
       Apocalypse        |       |       |       |     5 |     1 ||     6
       Sacrifice Health  |       |       |       |     1 |       ||     1
       Reject Sacrifices |       |       |       |     1 |       ||     1
       Draw Out Power    |       |       |       |       |     1 ||     1
Evoke: Wand              |       |     4 |     4 |       |       ||     8
  Use: Potion            |     1 |     3 |     2 |     7 |     2 ||    15
       Scroll            |     8 |     3 |     4 |    10 |       ||    25
 Stab: Invisible         |       |       |     2 |     1 |     1 ||     4
       Paralysed         |       |       |       |    16 |       ||    16
       Distracted        |       |       |       |     1 |       ||     1
  Eat: Chunk             |       |     5 |     7 |     1 |       ||    13
       Royal jelly       |       |     1 |       |     3 |     1 ||     5
       Fruit             |       |     1 |       |       |       ||     1
       Meat ration       |       |       |       |     1 |       ||     1
Armor: Scale mail        |    45 |    71 |    72 |   109 |    34 ||   331
       Skin              |       |       |       |    11 |       ||    11
Dodge: Dodged            |    44 |    77 |    77 |   234 |    48 ||   480
Block: Other             |       |       |       |    47 |     8 ||    55

Table legend:
 A = Spawn XP
 B = Non-spawn XP
 C = Spawn XP percentage of total XP
 D = Spawn monster count
 E = Non-spawn monster count
 F = Spawn count percentage of total count
 G = Total turns spent on level
                    A         B        C        D         E        F      G
               +---------+---------+-------+---------+---------+-------+---------
         Total |       0 |   22863 |   0.0 |       0 |     240 |   0.0 |  7503
               +---------+---------+-------+---------+---------+-------+---------
           D:1 |       0 |       7 |   0.0 |       0 |       5 |   0.0 |   348
           D:2 |       0 |      39 |   0.0 |       0 |      15 |   0.0 |   469
           D:3 |       0 |      30 |   0.0 |       0 |      14 |   0.0 |   616
           D:4 |       0 |      29 |   0.0 |       0 |       3 |   0.0 |   349
           D:5 |       0 |     452 |   0.0 |       0 |      25 |   0.0 |   838
           D:6 |       0 |    1253 |   0.0 |       0 |      17 |   0.0 |   653
           D:7 |       0 |     982 |   0.0 |       0 |      25 |   0.0 |   751
           D:8 |       0 |    1343 |   0.0 |       0 |      11 |   0.0 |   464
           D:9 |       0 |    2813 |   0.0 |       0 |      31 |   0.0 |   575
          D:10 |       0 |     303 |   0.0 |       0 |       7 |   0.0 |   137
          D:11 |       0 |      48 |   0.0 |       0 |       1 |   0.0 |    81
          D:12 |       0 |    4713 |   0.0 |       0 |      42 |   0.0 |   834
          D:13 |       0 |     347 |   0.0 |       0 |       3 |   0.0 |   159
          D:14 |       0 |    4860 |   0.0 |       0 |      12 |   0.0 |   109
          D:15 |       0 |    2908 |   0.0 |       0 |       8 |   0.0 |   374
        Bailey |       0 |    2736 |   0.0 |       0 |      21 |   0.0 |   616
               +---------+---------+-------+---------+---------+-------+---------
